EL
AKRON RUBBERDUCKS @ MONTGOMERY BISCUITS
09/03/2044
 
TOP OF THE 1ST
Akron RubberDucks batting - Pitching for Montgomery Biscuits : RHP Steve DiDomenico
Pitching: RHP Steve DiDomenico
Batting: LHB Nick Welling 0-0: Ball
1-0: Ball
2-0: Ball
3-0: Called Strike
3-1: Foul Ball, location: 2F
3-2: SINGLE (Groundball, 34D, EV 98.8 MPH)
Batting: SHB Arturo Baez 0-0: Ball
1-0: Called Strike
1-1: Swinging Strike
1-2: Fly out, F7 (Flyball, 7S, EV 90.6 MPH)
Batting: RHB Harris Leroux 0-0: Called Strike
0-1: Foul Ball, location: 2F
0-2: Ball
1-2: Ground out 5-3 (Groundball, 56S, EV 68.1 MPH)
Nick Welling to second
Batting: RHB Christian Blue 0-0: Foul Ball, location: 2F
0-1: SINGLE (Groundball, 34D, EV 105.0 MPH) (infield hit)
Nick Welling to third
Batting: RHB Hieronim Rutkowski 0-0: Called Strike
0-1: Ball
1-1: Foul Ball, location: 2F
1-2: Fielders Choice at 2nd, 5-4 (Groundball, 5L, EV 106.2 MPH)
Top of the 1st over - 0 runs, 2 hits, 0 errors, 2 left on base; Akron 0 - Montgomery 0
BOTTOM OF THE 1ST
Montgomery Biscuits batting - Pitching for Akron RubberDucks : LHP Fred Kelly
Pitching: LHP Fred Kelly
Batting: LHB Davion Lewis 0-0: Ball
1-0: Foul Ball, location: 2F
1-1: Ground out 4-3 (Groundball, 4S, EV 85.6 MPH)
Batting: RHB Steve French 0-0: Ball
1-0: Ground out 6-3 (Groundball, 6, EV 103.1 MPH)
Batting: RHB Wing-kit Bu 0-0: Ground out 5-3 (Groundball, 5L, EV 83.8 MPH)
Bottom of the 1st over - 0 runs, 0 hits, 0 errors, 0 left on base; Akron 0 - Montgomery 0
TOP OF THE 2ND
Akron RubberDucks batting - Pitching for Montgomery Biscuits : RHP Steve DiDomenico
Batting: RHB Matt Thompson 0-0: Foul Ball, location: 2F
0-1: Ball
1-1: Ball
2-1: Foul Ball, location: 2F
2-2: Strikes out looking
Batting: LHB Corey Trevor 0-0: Ball
1-0: Called Strike
1-1: Ball
2-1: Called Strike
2-2: Strikes out looking
Batting: LHB John Dietrich 0-0: Foul Ball, location: 2F
0-1: Called Strike
0-2: Ground out 5-3 (Groundball, 56S, EV 85.6 MPH)
Top of the 2nd over - 0 runs, 0 hits, 0 errors, 0 left on base; Akron 0 - Montgomery 0
BOTTOM OF THE 2ND
Montgomery Biscuits batting - Pitching for Akron RubberDucks : LHP Fred Kelly
Batting: SHB Willie Koviak 0-0: Called Strike
0-1: Ball
1-1: Swinging Strike
1-2: Ball
2-2: Strikes out swinging
Batting: RHB Devin Brown 0-0: Called Strike
0-1: DOUBLE (Line Drive, 78D, EV 102.5 MPH)
Batting: SHB Brett McEwen 0-0: Ball
1-0: Called Strike
1-1: Foul Ball, location: 2F
1-2: Foul Ball, location: 2F
1-2: Ball
2-2: Ball
3-2: Foul Ball, location: 2F
3-2: Foul Ball, location: 2F
3-2: Foul Ball, location: 2F
3-2: Foul Ball, location: 2F
3-2: Fly out, F6 (Flyball, 4MD, EV 90.6 MPH)
Batting: LHB Barnabé Metrass 0-0: Ball
1-0: Called Strike
1-1: Swinging Strike
1-2: Strikes out swinging
Bottom of the 2nd over - 0 runs, 1 hit, 0 errors, 1 left on base; Akron 0 - Montgomery 0
TOP OF THE 3RD
Akron RubberDucks batting - Pitching for Montgomery Biscuits : RHP Steve DiDomenico
Batting: RHB Reynaldo Herrera 0-0: DOUBLE (Line Drive, 7LM, EV 102.5 MPH)
Batting: LHB Nick Welling 0-0: Reached via error on a dropped throw from SS, E3 (Groundball, 6, EV 90.0 MPH)
Reynaldo Herrera to third
Batting: SHB Arturo Baez 0-0: Ball
1-0: Grounds into double play, 5-4-3 (Groundball, 56S, EV 91.2 MPH)
Reynaldo Herrera scores
Batting: RHB Harris Leroux 0-0: Ball
1-0: Ball
2-0: Called Strike
2-1: SINGLE (Groundball, 6D, EV 98.8 MPH)
Batting: RHB Christian Blue 0-0: Ball
1-0: Called Strike
1-1: Fielders Choice at 2nd, 6-4 (Groundball, 6, EV 105.6 MPH)
Top of the 3rd over - 1 run, 2 hits, 1 error, 1 left on base; Akron 1 - Montgomery 0
BOTTOM OF THE 3RD
Montgomery Biscuits batting - Pitching for Akron RubberDucks : LHP Fred Kelly
Batting: LHB David Seminario 0-0: Ball
1-0: Called Strike
1-1: Ground out 4-3 (Groundball, 4, EV 86.2 MPH)
Batting: RHB Sczlopy Hed 0-0: Hit by Pitch
Batting: LHB Davion Lewis 0-0: Ball
1-0: Called Strike
1-1: DOUBLE (Line Drive, 89D, EV 108.1 MPH)
Sczlopy Hed to third
Batting: RHB Steve French 0-0: Ball
1-0: Called Strike
1-1: Foul Ball, location: 2F
1-2: Ball
2-2: Ball
3-2: Fly out, F8 (Line Drive, 8RD, EV 104.4 MPH)
Batting: RHB Wing-kit Bu 0-0: Called Strike
0-1: Called Strike
0-2: Ball
1-2: DOUBLE (Flyball, 8RXD, EV 103.8 MPH)
Sczlopy Hed scores
Davion Lewis scores
Batting: SHB Willie Koviak 0-0: Foul Ball, location: 2F
0-1: Ball
1-1: Ground out U3 (Groundball, 3S, EV 83.8 MPH)
Bottom of the 3rd over - 2 runs, 2 hits, 0 errors, 1 left on base; Akron 1 - Montgomery 2
TOP OF THE 4TH
Akron RubberDucks batting - Pitching for Montgomery Biscuits : RHP Steve DiDomenico
Batting: RHB Hieronim Rutkowski 0-0: Foul Ball, location: 2F
0-1: Ground out 6-3 (Groundball, P, EV 88.1 MPH)
Batting: RHB Matt Thompson 0-0: Called Strike
0-1: Ball
1-1: Ball
2-1: Foul Ball, location: 2F
2-2: Strikes out swinging
Batting: LHB Corey Trevor 0-0: Called Strike
0-1: Ball
1-1: Ball
2-1: Called Strike
2-2: Strikes out swinging
Top of the 4th over - 0 runs, 0 hits, 0 errors, 0 left on base; Akron 1 - Montgomery 2
BOTTOM OF THE 4TH
Montgomery Biscuits batting - Pitching for Akron RubberDucks : LHP Fred Kelly
Batting: RHB Devin Brown 0-0: Ground out 5-3 (Groundball, 5S, EV 93.8 MPH)
Batting: SHB Brett McEwen 0-0: Foul Ball, location: 2F
0-1: DOUBLE (Flyball, 8RXD, EV 93.8 MPH)
Batting: LHB Barnabé Metrass 0-0: Ball
1-0: Fly out, F7 (Flyball, 7, EV 95.0 MPH)
Batting: LHB David Seminario 0-0: Called Strike
0-1: Ball
1-1: Foul Ball, location: 2F
1-2: Ball
2-2: Foul Ball, location: 2F
2-2: Ground out 1-3 (Groundball, 13S, EV 67.5 MPH)
Bottom of the 4th over - 0 runs, 1 hit, 0 errors, 1 left on base; Akron 1 - Montgomery 2
TOP OF THE 5TH
Akron RubberDucks batting - Pitching for Montgomery Biscuits : RHP Steve DiDomenico
Batting: LHB John Dietrich 0-0: SINGLE (Groundball, 4D, EV 101.2 MPH)
Batting: RHB Reynaldo Herrera 0-0: Called Strike
0-1: Ball
1-1: Ball
2-1: Ball
3-1: Foul Ball, location: 2F
3-2: Base on Balls
John Dietrich to second
Batting: LHB Nick Welling 0-0: Foul Ball, location: 2F
0-1: Ball
1-1: Swinging Strike
1-2: Foul Ball, location: 2F
1-2: Fielders Choice at 2nd, 3-6 (Groundball, 34S, EV 90.6 MPH)
John Dietrich to third
Batting: SHB Arturo Baez 0-0: Called Strike
Nick Welling is caught stealing 2nd base 2-6
0-1: Called Strike
0-2: Ball
1-2: Ball
2-2: Strikes out looking
Top of the 5th over - 0 runs, 1 hit, 0 errors, 1 left on base; Akron 1 - Montgomery 2
BOTTOM OF THE 5TH
Montgomery Biscuits batting - Pitching for Akron RubberDucks : LHP Fred Kelly
Batting: RHB Sczlopy Hed 0-0: Ball
1-0: Foul Ball, location: 2F
1-1: Ball
2-1: Foul Ball, location: 2F
2-2: Foul Ball, location: 2F
2-2: Foul Ball, location: 2F
2-2: Ground out 5-3 (Groundball, 5L, EV 84.4 MPH)
Batting: LHB Davion Lewis 0-0: Called Strike
0-1: Ball
1-1: Foul Ball, location: 2F
1-2: Ball
2-2: Single, Error in OF, E9, batter to second base (Groundball, 34D, EV 96.9 MPH)
Batting: RHB Steve French 0-0: Ball
1-0: Ball
2-0: Fly out, F8 (Flyball, 8RM, EV 91.2 MPH)
Batting: RHB Wing-kit Bu 0-0: Ball
1-0: Fly out, F3 (Popup, 3F, EV 69.4 MPH)
Bottom of the 5th over - 0 runs, 1 hit, 1 error, 1 left on base; Akron 1 - Montgomery 2
TOP OF THE 6TH
Akron RubberDucks batting - Pitching for Montgomery Biscuits : RHP Steve DiDomenico
Batting: RHB Harris Leroux 0-0: Ball
1-0: SINGLE (Line Drive, 4M, EV 109.4 MPH)
Batting: RHB Christian Blue 0-0: Fielders Choice at 2nd, 5-4 (Groundball, 5, EV 86.2 MPH)
Batting: RHB Hieronim Rutkowski 0-0: Ball
1-0: Called Strike
1-1: Ball
2-1: Called Strike
2-2: Strikes out swinging
Batting: RHB Matt Thompson 0-0: Fly out, F7 (Flyball, 7S, EV 88.1 MPH)
Top of the 6th over - 0 runs, 1 hit, 0 errors, 1 left on base; Akron 1 - Montgomery 2
BOTTOM OF THE 6TH
Montgomery Biscuits batting - Pitching for Akron RubberDucks : LHP Fred Kelly
Batting: SHB Willie Koviak 0-0: SINGLE (Groundball, 56D, EV 104.4 MPH)
Batting: RHB Devin Brown 0-0: Called Strike
0-1: Ball
1-1: Ball
2-1: Ball
3-1: Grounds into double play, 3-6-3 (Groundball, 3, EV 98.1 MPH)
Batting: SHB Brett McEwen 0-0: Called Strike
0-1: Ball
1-1: Foul Ball, location: 2F
1-2: Foul Ball, location: 2F
1-2: Hit by Pitch
Batting: LHB Barnabé Metrass 0-0: Called Strike
0-1: Fly out, F7 (Flyball, 7S, EV 90.0 MPH)
Bottom of the 6th over - 0 runs, 1 hit, 0 errors, 1 left on base; Akron 1 - Montgomery 2
TOP OF THE 7TH
Akron RubberDucks batting - Pitching for Montgomery Biscuits : RHP Steve DiDomenico
Batting: LHB Corey Trevor 0-0: Swinging Strike
0-1: Called Strike
0-2: Fly out, F8 (Flyball, 8LS, EV 91.2 MPH)
Batting: LHB John Dietrich 0-0: Swinging Strike
0-1: Foul Ball, location: 2F
0-2: Ground out 6-3 (Groundball, 6, EV 80.6 MPH)
Batting: RHB Reynaldo Herrera 0-0: Called Strike
0-1: Ground out 4-3 (Groundball, 4, EV 90.0 MPH)
Top of the 7th over - 0 runs, 0 hits, 0 errors, 0 left on base; Akron 1 - Montgomery 2
BOTTOM OF THE 7TH
Montgomery Biscuits batting - Pitching for Akron RubberDucks : LHP Fred Kelly
Batting: LHB David Seminario 0-0: Ball
1-0: Called Strike
1-1: SINGLE (Line Drive, 78M, EV 105.6 MPH)
Batting: RHB Sczlopy Hed 0-0: Bunted foul
0-1: Sac Bunt to 13 - play at first, batter OUT! 1-4
David Seminario to second
Batting: LHB Davion Lewis 0-0: Ball
1-0: Called Strike
1-1: Ball
2-1: Called Strike
2-2: Strikes out swinging
Pitching: RHP Nelson Peregrina
Batting: RHB Steve French 0-0: Ball
1-0: Ball
Wild Pitch!
David Seminario to third
2-0: DOUBLE (Line Drive, 9LS, EV 93.1 MPH)
David Seminario scores
Batting: RHB Wing-kit Bu 0-0: Ball
1-0: Ball
2-0: Ball
3-0: Called Strike
3-1: Base on Balls
Batting: SHB Willie Koviak 0-0: Foul Ball, location: 2F
0-1: Fly out, F7 (Flyball, 7LM, EV 82.5 MPH)
Bottom of the 7th over - 1 run, 2 hits, 0 errors, 2 left on base; Akron 1 - Montgomery 3
TOP OF THE 8TH
Akron RubberDucks batting - Pitching for Montgomery Biscuits : RHP Steve DiDomenico
Batting: LHB Nick Welling 0-0: Called Strike
0-1: Ball
1-1: Ground out U3 (Groundball, 3L, EV 81.2 MPH)
Batting: SHB Arturo Baez 0-0: Ball
1-0: Called Strike
1-1: Fly out, F7 (Flyball, 78M, EV 85.0 MPH)
Batting: RHB Harris Leroux 0-0: Ball
1-0: Ball
2-0: Foul Ball, location: 2F
2-1: Ball
3-1: Base on Balls
Batting: RHB Christian Blue 0-0: Ball
1-0: SINGLE (Groundball, 34, EV 102.5 MPH)
Harris Leroux to second
Runner from 2nd tries for 3rd, SAFE, throw by RF made to third
Christian Blue to second
Pitching: LHP Sam Wesman
Batting: RHB Hieronim Rutkowski 0-0: Fly out, F7 (Line Drive, 7, EV 96.2 MPH)
Top of the 8th over - 0 runs, 1 hit, 0 errors, 2 left on base; Akron 1 - Montgomery 3
BOTTOM OF THE 8TH
Montgomery Biscuits batting - Pitching for Akron RubberDucks : RHP Nelson Peregrina
Pitching: RHP Jorge Reyes
Batting: RHB Devin Brown 0-0: Ground out 4-3 (Groundball, 4, EV 83.8 MPH)
Batting: SHB Brett McEwen 0-0: Ball
1-0: Called Strike
1-1: Foul Ball, location: 2F
1-2: Ground out 5-3 (Groundball, 56, EV 96.2 MPH)
Batting: LHB Barnabé Metrass 0-0: Ball
1-0: Ground out U3 (Groundball, 34, EV 83.1 MPH)
Bottom of the 8th over - 0 runs, 0 hits, 0 errors, 0 left on base; Akron 1 - Montgomery 3
TOP OF THE 9TH
Akron RubberDucks batting - Pitching for Montgomery Biscuits : LHP Sam Wesman
Pitching: RHP Josh Heath
Batting: RHB Matt Thompson 0-0: Ball
1-0: Ball
2-0: Ground out 6-3 (Groundball, 6, EV 85.0 MPH)
Batting: LHB Corey Trevor 0-0: Called Strike
0-1: Foul Ball, location: 2F
0-2: Ball
1-2: Strikes out swinging
Batting: LHB John Dietrich 0-0: Ball
1-0: Called Strike
1-1: Called Strike
1-2: Foul Ball, location: 2F
1-2: Foul Ball, location: 2F
1-2: SINGLE (Groundball, 6D, EV 104.4 MPH)
Batting: RHB Reynaldo Herrera 0-0: Ball
1-0: Ball
2-0: Called Strike
2-1: Foul Ball, location: 2F
2-2: Foul Ball, location: 2F
2-2: Ball
3-2: Strikes out swinging
Top of the 9th over - 0 runs, 1 hit, 0 errors, 1 left on base; Akron 1 - Montgomery 3
Thursday, March 31st , 2022 - OOTP Baseball 22.12 Build 89